Map: Proxima Station LE

Players

McMonroe - Winner!

  • Race: Zerg Zerg
  • Spawn Location: 1:00

ZergGirl

  • Race: Zerg Zerg
  • Spawn Location: 7:00

Event: WCS Austin 2017

VOD

Have the link to the VOD?

Description

Time

  • Played on: April 28, 2017, 2:09 p.m.
  • Length: 11:07

All games in this series

Show
View Real Time Build Order
Export as new Build Order

McMonroe Zerg - Winner!

Build Orders: Hatch First 

Get SALT Encoding   

  12  0:00  Drone  
  13  0:16  Drone  
  13  0:17  Overlord  
  14  0:23  Extractor  
  14  0:24  Drone  
  15  0:36  Drone  
  16  0:45  Drone  
  17  0:52  Hatchery  
  17  0:57  Drone  
  17  1:11  Spawning Pool  
  17  1:14  Extractor  
  17  1:15  Drone  
  16  1:19  Drone  
  17  1:28  Drone  
  18  1:38  Drone  
  19  1:49  Overlord  
  19  1:59  Queen  
  21  2:04  Zergling x2  
  21  2:05  Queen  
  21  2:07  Zergling x2  
  25  2:10  Drone  
  26  2:16  Metabolic Boost  
  26  2:18  Drone  
  26  2:21  Drone  
  28  2:27  Drone  
  29  2:32  Drone  
  29  2:34  Queen  
  32  2:41  Drone, Baneling Nest  
  32  2:47  Overlord  
  32  2:56  Drone x2  
  34  3:00  Drone  
  34  3:07  Drone x4  
  38  3:16  Zergling x4  
  40  3:24  Hatchery  
  39  3:30  Zergling x4  
  39  3:34  Overlord  
  41  3:36  Zergling x2  
  41  3:37  Zergling x2  
  43  3:47  Drone  
  44  3:49  Overlord  
  44  3:53  Drone x5  
  49  3:59  Drone x2  
  50  4:10  Lair  
  50  4:13  Extractor x2  
  48  4:19  Drone x8  
  48  4:23  Overlord  
  51  4:31  Roach Warren  
  51  4:35  Evolution Chamber, Extractor  
  51  4:37  Drone x3  
  51  4:46  Overlord  
  51  4:57  Drone  
  51  4:58  Drone x3  
  54  5:01  Zerg Missile Weapons Level 1  
  54  5:03  Overlord x2  
  54  5:14  Glial Reconstitution  
  54  5:15  Roach x7  
  54  5:18  Roach  
  70  5:25  Roach  
  70  5:26  Roach  
  74  5:29  Roach x3  
  74  5:32  Roach  
  74  5:33  Roach  
  84  5:36  Overlord  
  84  5:38  Overseer  
  84  5:40  Overlord  
  84  5:45  Roach  
  86  5:50  Roach, Spine Crawler  
  86  5:51  Roach  
  86  5:57  Roach x3  
  95  6:03  Overlord x2  
  95  6:13  Roach x4  
  103  6:21  Roach x3  
  107  6:27  Roach x3  
  103  6:34  Roach x4  
  103  6:38  Drone x2  
  113  6:43  Drone x3  
  116  6:48  Drone x4  
  116  6:51  Drone x2  
  122  6:56  Overlord  
  122  7:02  Drone x2  
  122  7:03  Drone x3  
  122  7:07  Drone, Extractor  
  127  7:10  Overlord x2  
  127  7:19  Roach x5  
  123  7:31  Roach x5  
  119  7:37  Roach x6  
  121  7:48  Roach x5  
  123  7:57  Drone  
  118  7:59  Roach x3, Hatchery  
  118  8:03  Ravager x2  
  118  8:04  Ravager x3  
  122  8:06  Roach x2  
  122  8:11  Roach x2  
  130  8:16  Roach  
  132  8:24  Roach  
  132  8:25  Roach  
  132  8:31  Roach x9  
  129  8:38  Roach  
  129  8:39  Roach x2  
  123  8:45  Zerg Ground Armor Level 1  
  125  8:48  Roach x2  
  125  8:50  Ravager  
  125  8:54  Roach  
  130  8:57  Roach x3  
  130  8:59  Overlord x2  
  130  9:00  Overlord  
  136  9:10  Roach  
  136  9:12  Roach x4  
  136  9:15  Roach x4  
  154  9:18  Roach  
  156  9:25  Roach  
  156  9:26  Roach x4  
  156  9:29  Roach x2  
  170  9:35  Roach x2  
  174  9:40  Roach  
  174  9:41  Roach  
  174  9:42  Overlord  
  174  9:44  Overlord  
  178  9:48  Hatchery  
  173  9:56  Roach x7  
  179  10:00  Overlord x2  
  179  10:04  Ravager  
  180  10:12  Roach x8  
  180  10:16  Roach x3  
  180  10:20  Roach  
  180  10:21  Roach x2  
  170  10:27  Roach x4  
  172  10:29  Roach  
  172  10:30  Roach  
  177  10:36  Ravager  
  177  10:40  Roach x2, Extractor  
Show
View Real Time Build Order
Export as new Build Order

ZergGirl Zerg 

Build Orders: Hatch First 

Get SALT Encoding   

  12  0:00  Drone  
  13  0:13  Overlord  
  13  0:17  Drone  
  14  0:31  Drone  
  14  0:32  Drone  
  14  0:35  Drone  
  17  0:53  Hatchery  
  17  0:56  Drone  
  17  0:59  Drone  
  18  1:05  Extractor  
  17  1:18  Spawning Pool, Drone  
  17  1:21  Drone  
  18  1:28  Drone  
  19  1:39  Drone  
  20  1:50  Overlord  
  20  2:06  Queen x2  
  20  2:07  Zergling x2  
  25  2:08  Drone  
  25  2:11  Drone  
  27  2:17  Drone  
  29  2:22  Drone  
  29  2:26  Spine Crawler  
  29  2:27  Drone  
  29  2:33  Drone  
  30  2:38  Drone  
  31  2:46  Queen  
  31  2:49  Overlord  
  31  2:51  Drone  
  34  2:57  Drone  
  35  3:08  Roach Warren  
  35  3:09  Drone x2, Evolution Chamber  
  35  3:10  Drone  
  35  3:16  Lair  
  35  3:18  Drone  
  36  3:25  Drone x2  
  38  3:27  Drone x2  
  38  3:29  Drone  
  41  3:34  Zerg Missile Weapons Level 1  
  41  3:37  Overlord  
  41  3:45  Drone  
  41  3:46  Extractor  
  41  3:48  Drone  
  41  3:49  Drone x2  
  44  4:15  Glial Reconstitution  
  43  4:18  Drone  
  43  4:19  Drone x2  
  46  4:25  Roach x2  
  46  4:26  Roach  
  49  4:49  Overlord x3  
  49  4:51  Roach  
  49  4:52  Roach  
  52  4:53  Overlord x2  
  52  5:01  Extractor  
  52  5:02  Extractor  
  52  5:05  Overlord, Hatchery  
  52  5:06  Overlord  
  49  5:15  Roach x3  
  49  5:21  Roach x3  
  61  5:25  Roach  
  63  5:31  Roach x4  
  71  5:39  Roach  
  71  5:42  Zerg Ground Armor Level 1  
  73  5:46  Drone x3  
  73  5:48  Drone  
  77  5:56  Roach x2  
  81  6:01  Drone x3  
  84  6:04  Roach  
  86  6:21  Roach x4  
  94  6:26  Roach x3  
  94  6:27  Roach x2  
  94  6:30  Roach  
  90  6:35  Drone x2  
  90  6:36  Drone  
  93  6:42  Drone x3  
  93  6:43  Drone x2  
  98  6:48  Roach  
  100  6:54  Drone  
  100  6:55  Drone  
  100  6:57  Ravager  
  100  7:00  Roach  
  105  7:05  Roach x2  
  109  7:09  Roach x2  
  113  7:20  Roach x2  
  100  7:32  Roach x8  
  108  7:37  Roach x2  
  108  7:38  Roach x2  
  109  7:45  Drone x6  
  109  7:49  Zerg Missile Weapons Level 2  
  114  7:55  Roach  
  112  7:58  Drone x2  
  112  8:03  Overlord  
  114  8:06  Overlord  
  114  8:12  Overlord  
  114  8:13  Overlord  
  88  8:39  Roach x10  
  88  8:40  Roach  
  90  8:43  Drone x3  
  90  8:45  Drone  
  94  8:54  Roach x3  
  100  8:58  Roach x2  
  104  9:03  Roach x2  
  104  9:05  Ravager x3  
  104  9:06  Ravager  
  104  9:07  Ravager  
  104  9:08  Ravager  
  114  9:10  Roach  
  114  9:15  Roach x2  
  122  9:17  Roach  
  122  9:20  Roach x2  
  122  9:22  Roach  
  128  9:27  Roach x2  
  132  9:32  Roach x3  
  132  9:35  Overlord  
  136  9:56  Roach x6  
  146  10:01  Overlord x3  
  146  10:02  Overlord x2  
  123  10:15  Roach x4  
  123  10:20  Roach x3  
  105  10:23  Roach x4  
  105  10:25  Ravager x2  
  95  10:30  Roach x2  
  95  10:34  Roach  
  101  10:36  Roach x2  
  105  10:44  Roach x2  
Tags
 
Add a new tag
Caveats
  • Supply blocks, unpowered buildings, or Contaminate may cause inaccurate times.
  • Supply counts are checked every 10 seconds.